 Dungeon Crawl Stone Soup version 0.30-b1-2-g02819fbbbe (webtiles) character file.

Game seed: 35162777177568503

3331 raph the Geomancer (level 9, -14/53 HPs)
             Began as a Deep Elf Earth Elementalist on Dec 17, 2023.
             Was a Believer of Vehumet.
             Demolished by an orc warlord
             ... wielding a +7 battleaxe
              (18 damage)
             ... in a bailey.
             The game lasted 00:18:23 (10449 turns).

raph the Geomancer (Deep Elf Earth Elementalist)   Turns: 10449, Time: 00:18:23

Health: -14/53     AC:  8    Str:  5    XL:     9   Next: 71%
Magic:  15/20      EV: 14    Int: 25    God:    Vehumet [**....]
Gold:   318        SH:  0    Dex: 15    Spells: 1/20 levels left

rFire   . . .        H - +1 dagger (elec)
rCold   . . .        (no shield)
rNeg    . . .        a - +0 robe
rPois   .            I - +1 helmet
rElec   .            t - scarf {shadows}
rCorr   .            A - +1 pair of gloves
SInv    .            w - +1 pair of boots
Will    .....        (no amulet)
Stlth   +++          (no ring)
HPRegen 0.28/turn    (no ring)
MPRegen 0.17/turn

%: no passive effects
@: no status effects
A: no striking features
a: Renounce Religion


You were in a bailey.
You worshipped Vehumet.
Vehumet was pleased with you.
You visited 2 branches of the dungeon, and saw 8 of its levels.
You also visited: Bailey.

You collected 318 gold pieces.

Inventory:

Hand Weapons
 d - a +2 whip of venom
 i - a +0 dagger
 k - a +1 dagger of draining
 u - a +0 rapier
 F - a +0 scimitar
 H - a +1 dagger of electrocution (weapon)
Missiles
 l - 4 curare-tipped darts
 z - a throwing net
Armour
 a - a +0 robe (worn)
 t - a scarf of shadows (worn)
 w - a +1 pair of boots (worn)
 A - a +1 pair of gloves (worn)
 E - +0 swamp dragon scales
 I - a +1 helmet (worn)
Jewellery
 y - an amulet of faith
Wands
 g - a wand of flame (23)
 j - a wand of quicksilver (12)
 q - a wand of digging (3)
Scrolls
 e - a scroll of fog
 s - 3 scrolls of fear
 C - a scroll of magic mapping
 D - a scroll of teleportation
Potions
 f - 3 potions of curing
 h - 2 potions of flight
 m - a potion of might
 n - 2 potions of lignification
 o - 3 potions of heal wounds
 p - a potion of resistance
 r - 4 potions of haste
 x - a potion of mutation {unknown}
 B - a potion of berserk rage
 G - a potion of degeneration {unknown}


   Skills:
 * Level 4.8 Fighting
 + Level 5.6 Dodging
 + Level 6.0 Stealth
 + Level 6.4 Spellcasting
 + Level 4.4 Conjurations
 + Level 3.0 Summonings
 + Level 4.6 Transmutations
 * Level 8.6 Earth Magic


You had one spell level left.
You knew the following spells:

 Your Spells              Type           Power      Damage    Failure   Level
a - Sandblast             Erth           100%       2d20      1%          1
b - Passwall              Tmut/Erth      34%        N/A       1%          2
c - Stone Arrow           Conj/Erth      80%        3d12      1%          3
d - Petrify               Tmut/Erth      41%        N/A       4%          4
e - Freeze                Ice            32%        1d5       7%          1
f - Summon Small Mammal   Summ           92%        N/A       1%          1
g - Call Canine Familiar  Summ           23%        N/A       6%          3
h - Summon Guardian Gole  Hex/Summ       15%        N/A       12%         3
i - Foxfire               Conj/Fire      76%        2x1d7     2%          1

Your spell library contained the following spells:

 Spells                   Type           Power      Damage    Failure   Level
 Momentum Strike          Conj/Tloc      38%        3d9       4%          2
 Apportation              Tloc           16%        N/A       7%          1
 Necrotise                Necr           32%        1d5       7%          1


Dungeon Overview and Level Annotations

Branches:
Dungeon (7/15)             Temple (1/1) D:5          Bailey (1/1)

Altars:
Cheibriados
Dithmenos
Fedhas
Gozag
Hepliaklqana
Kikubaaqudgha
Makhleb
Nemelex Xobeh
Okawaru
Qazlal
Ru
Sif Muna
Trog
Uskayaw
Vehumet
Wu Jian
Yredelemnul
Zin
The Shining One

Shops:
D:1 :   D:6 :

Annotations:
D:5 blink
D:7 Dowan


Message History

Your hound's corpse disappears in a puff of smoke!
The orc warlord hits your butterfly with a +7 battleaxe!!
Your butterfly dies!
Your butterfly disappears in a burst of colours!
The orc warlord shouts!
Casting: Call Canine Familiar (dangerous; 6% risk of failure)
Confirm with . or Enter, or press ? or * to list all spells.
A guardian golem appears, shielding your allies.
The forest fire spreads!
What are your orders? t - Shout!
Orders for allies: a - Attack new target. p - Attack previous target. r - Retreat! s - Stop attacking. g - Guard the area. f - Follow me.
Anything else - Cancel.
Gang up on whom?
Press: ? - help, Dir - move target, f/p - orc warlord
Aim: an orc warlord, wielding a +7 battleaxe and wearing a +0 chain mail (severely wounded, ally target) Attack!
Casting: Summon Guardian Golem (dangerous; 12% risk of failure)
Confirm with . or Enter, or press ? or * to list all spells.
You swap places.
Your butterfly is engulfed in blazing flames.
Your butterfly dies!
Your butterfly disappears in a burst of colours!
The orc warlord hits you with a +7 battleaxe!!
Ouch! That really hurt!
* * * LOW HITPOINT WARNING * * *
The orc warlord hits your guardian golem with a +7 battleaxe!!
The orc warlord barely misses your butterfly.
The orc warlord closely misses your hound.
Your guardian golem overheats!
The forest fire spreads!
As you read the scroll of fear, it crumbles to dust.
You assume a fearsome visage.
The orc warlord looks frightened!
Your hound bites the orc warlord.
The orc warlord hits your hound with a +7 battleaxe!!
The orc warlord closely misses your butterfly.
The orc warlord hits you with a +7 battleaxe!!
You die...

.)..# ....# ))..#
)))### ♣♣♣ )#)#.###
♣♣♣.♣♣♣♣
##)§§§.###♣......♣
...§.§...##......♣♣♣
...§)o....#........♣
......)...)...b9@..♣
....⌠..b..'..∩.∩o..♣
...)).....'....bh..♣
...b.b....#.○§....♣♣
.....b...##§§§§...♣
##.....###♣§§§○..♣♣
#'#.### ♣§.§.♣.♣
..## ♣♣♣♣♣♣♣


You could see an orc warlord (fleeing, ally target), a friendly guardian golem
(summoned, inner flame) and a friendly hound (summoned, sheltered).

Vanquished Creatures
  An orc knight (Bailey)
  Maggie (D:6)
  Grinder (D:5)
  Duvessa (D:7)
  2 ogres (D:5)
  4 orc warriors (Bailey)
  A black bear (D:7)
  A sky beast (D:7)
  A centaur (D:6)
  A phantom (D:6)
  A scorpion (D:6)
  A jelly (D:5)
  3 orc priests
  2 gnoll boudas
  3 sleepcaps
  Ijyb (D:5)
  6 orc wizards
  4 iguanas
  9 adders
  10 gnolls
  A white imp (D:5)
  An ufetubus (D:5)
  6 dart slugs
  34 orcs
  5 endoplasms
  4 giant cockroaches
  19 goblins
  9 hobgoblins
  5 jackals
  5 quokkas
  7 bats
  3 frilled lizards
  8 kobolds
  7 rats
168 creatures vanquished.

Vanquished Creatures (collateral kills)
  A gnoll (Bailey)
  An orc (Bailey)
  A goblin (Bailey)
  2 hobgoblins (Bailey)
5 creatures vanquished.

Vanquished Creatures (others)
  5 orc warriors (Bailey)
  2 gnolls (Bailey)
  4 goblins (Bailey)
11 creatures vanquished.

Grand Total: 184 creatures vanquished

Notes
Turn   | Place    | Note
-------+----------+-------------------------------------------
     0 | D:1      | raph the Deep Elf Earth Elementalist began the quest for
                  | the Orb.
     0 | D:1      | Reached XP level 1. HP: 10/10 MP: 6/6
   205 | D:1      | Reached XP level 2. HP: 11/15 MP: 5/8
   306 | D:1      | Found Ungoranye's Book Shoppe.
   534 | D:1      | Reached skill level 4 in Earth Magic
   587 | D:1      | Learned a level 2 spell: Passwall
   734 | D:2      | Reached XP level 3. HP: 20/20 MP: 7/10
   738 | D:2      | Learned a level 3 spell: Stone Arrow
   867 | D:2      | You fall into a shaft and drop 2 floors!
  1128 | D:4      | Reached skill level 1 in Fighting
  1131 | D:4      | Reached XP level 4. HP: 25/25 MP: 3/11
  1416 | D:4      | Reached skill level 5 in Earth Magic
  1803 | D:3      | Reached XP level 5. HP: 29/29 MP: 4/13
  2175 | D:3      | Found a blossoming altar of Fedhas.
  2822 | D:2      | Learned a level 4 spell: Petrify
  3589 | D:3      | Found a faded altar of an unknown god.
  4213 | D:4      | Reached XP level 6. HP: 35/35 MP: 1/14
  4422 | D:4      | Reached skill level 1 in Conjurations
  4819 | D:5      | Entered Level 5 of the Dungeon
  4831 | D:5      | Found a staircase to the Ecumenical Temple.
  4837 | Temple   | Entered the Ecumenical Temple
  4999 | Temple   | Became a worshipper of Vehumet
  5066 | D:5      | Found an opulent altar of Gozag.
  5069 | D:5      | Found a shadowy altar of Dithmenos.
  5326 | D:5      | Reached skill level 6 in Earth Magic
  5389 | D:5      | Reached XP level 7. HP: 40/40 MP: 8/15
  6143 | D:5      | Noticed Grinder
  6148 | D:5      | Paralysed by Grinder for 2 turns
  6151 | D:5      | Killed Grinder
  6245 | D:5      | Noticed Ijyb
  6249 | D:5      | Killed Ijyb
  6336 | D:5      | Found an ancient bone altar of Kikubaaqudgha.
  7623 | D:6      | Reached * piety under Vehumet
  7623 | D:6      | Offered knowledge of Freeze by Vehumet.
  7627 | D:6      | Reached XP level 8. HP: 45/45 MP: 12/17
  7783 | D:6      | Learned a level 1 spell: Freeze
  7816 | D:6      | Reached skill level 7 in Earth Magic
  7902 | D:6      | Reached skill level 5 in Spellcasting
  7904 | D:6      | Learned a level 1 spell: Summon Small Mammal
  8080 | D:6      | Found a hazy altar of Hepliaklqana.
  8083 | D:6      | Found a shimmering blue altar of Sif Muna.
  8087 | D:6      | Found a stormy altar of Qazlal.
  8353 | D:6      | Noticed Maggie
  8361 | D:6      | Killed Maggie
  8362 | D:6      | Reached skill level 1 in Summonings
  8676 | D:6      | Found Juwiff's Book Shoppe.
  8817 | D:7      | Reached skill level 5 in Stealth
  9291 | D:7      | Noticed Duvessa
  9291 | D:7      | Noticed Dowan
  9297 | D:7      | Killed Duvessa
  9469 | D:7      | Found a flagged portal.
  9552 | Bailey   | Entered a bailey
  9563 | Bailey   | Learned a level 3 spell: Call Canine Familiar
  9574 | Bailey   | Reached XP level 9. HP: 52/52 MP: 4/19
  9578 | Bailey   | Learned a level 3 spell: Summon Guardian Golem
  9850 | Bailey   | Offered knowledge of Foxfire by Vehumet.
  9851 | Bailey   | Reached skill level 5 in Dodging
  9851 | Bailey   | Reached skill level 8 in Earth Magic
  9857 | Bailey   | Learned a level 1 spell: Foxfire
  9869 | Bailey   | Reached ** piety under Vehumet
 10287 | Bailey   | Offered knowledge of Momentum Strike by Vehumet.
 10316 | Bailey   | Noticed an orc knight
 10339 | Bailey   | Killed an orc knight
 10400 | Bailey   | Noticed an orc warlord
 10449 | Bailey   | Demolished by an orc warlord

Illustrated notes

Levels and vault maps discovered:
D:1:      dpeg_arrival_stonehenge_8_columns, layout_rooms, serial_shops,
          nicolae_book_shop_shelving
D:2:      layout_loops_ring
D:3:      layout_loops_ring, mainiacjoe_overflow_small_starburst,
          basic_ecumenical_altar, minmay_fractal_squares_diagonal_5
D:4:      layout_basic
D:5:      nicolae_cairo_tiling_large, layout_loops_corners,
          grunt_temple_overflow_open, minmay_temple_entry_purple_smoke,
          chequers_serial_rivers_micro_b, lemuel_flame_loot_1, uniq_ijyb,
          uniq_grinder
D:6:      layout_loops_ring, grunt_temple_overflow_diamond, serial_shops,
          kennysheep_little_box, uniq_maggie
D:7:      layout_cave_pods, ashenzari_altar_1, enter_bailey_3,
          minmay_misc_feat_encased, uniq_duvessa
Temple:   hellmonk_temple_flake
Bailey:   bailey_axe_minmay_hex_keep, bailey

Skill      XL: |  1  2  3  4  5  6  7  8  9 |
---------------+----------------------------+-----
Earth Magic    | 4 5 6 7 8 |  8.6
Fighting       | 1 2 4 |  4.8
Spellcasting   | 4 5 6 |  6.4
Conjurations   | 1 2 3 4 |  4.4
Stealth        | 3 4 5 6 |  6.0
Dodging        | 3 4 5 |  5.6
Transmutations | 2 3 4 |  4.6
Summonings     | 1 3 |  3.0

Action                     |  1- 3 |  4- 6 |  7- 9 || total
---------------------------+-------+-------+-------++-------
  Melee: Whip              |     1 |     5 |    12 ||    18
         Dagger            |       |       |    23 ||    23
   Cast: Sandblast         |    39 |    40 |    42 ||   121
         Stone Arrow       |     1 |    45 |    87 ||   133
         Petrify           |       |     4 |     3 ||     7
         Summon Small Mamm |       |       |    11 ||    11
         Call Canine Famil |       |       |    11 ||    11
         Summon Guardian G |       |       |    15 ||    15
  Evoke: Wand              |       |       |     2 ||     2
    Use: Scroll            |       |    18 |     7 ||    25
         Potion            |       |       |     1 ||     1
   Stab: Petrified         |       |       |     7 ||     7
 Armour: Robe              |     3 |     4 |    13 ||    20
  Dodge: Dodged            |     7 |    13 |    59 ||    79
